 Dungeon Crawl Stone Soup version 0.25.0-46-gbd7b0854d2 (webtiles) character file.

Game seed: 8664573318981607067

25419 protoss039 the Basher (level 12, -1/159 HPs)
             Began as a Minotaur Fighter on July 15, 2020.
             Was the Champion of Okawaru.
             Killed from afar by Azrael (17 damage)
             ... with a bolt of fire
             ... on level 15 of the Dungeon.
             The game lasted 01:00:06 (12179 turns).

protoss039 the Basher (Minotaur Fighter)           Turns: 12179, Time: 01:00:06

Health: -1/159     AC: 33    Str: 28 (30) XL:     12   Next: 89%
Magic:  16/17      EV:  2    Int:  2 (5)  God:    Okawaru [******]
Gold:   961        SH: 15    Dex:  9 (12) Spells: 11/11 levels left

rFire    . . .     SeeInvis .   M - +3 flail (protect)
rCold    . . .     Gourm    .   c - +0 kite shield
rNeg     + + +     Faith    .   (armour currently unavailable)
rPois    +         Spirit   .   (helmet currently unavailable)
rElec    .         Reflect  .   (cloak currently unavailable)
rCorr    .         Harm     .   (gloves currently unavailable)
MR       .....     NoTele   +   (boots currently unavailable)
Stlth    +++.......             h - amulet of regeneration
HPRegen  0.76/turn              o - +6 ring of strength
MPRegen  0.15/turn              w - ring of poison resistance

@: tree-form, heroism, protection aura
A: (retaliatory headbutt)
a: Heroism, Finesse, Renounce Religion


You were on level 15 of the Dungeon.
You worshipped Okawaru.
Okawaru was exalted by your worship.
You were not hungry.
You were a tree.
You visited 2 branches of the dungeon, and saw 15 of its levels.

You collected 961 gold pieces.

Inventory:

Hand Weapons
 j - a +2 flail of freezing
 s - a +2 scimitar of flaming
 H - a +2 vorpal hand axe
 M - a +3 flail of protection (weapon)
Armour
 a - a cursed +0 pair of gloves (melded)
 c - a +0 kite shield (worn)
 i - a +4 plate armour (melded)
 u - a scarf of repulsion (melded)
 C - a +0 pair of boots (melded)
Jewellery
 h - an amulet of regeneration (around neck)
 o - a +6 ring of strength (left branch)
 w - a ring of poison resistance (right branch)
 J - a cursed amulet of inaccuracy {unknown}
Wands
 d - a wand of flame (51)
 A - a wand of enslavement (1)
 E - a wand of paralysis (8)
 F - a wand of digging (6)
 I - a wand of polymorph (7)
Scrolls
 b - 2 scrolls of immolation
 e - 2 scrolls of magic mapping
 k - a scroll of enchant armour
 l - 2 scrolls of enchant weapon
 m - 11 scrolls of teleportation
 p - 2 scrolls of identify
 q - 10 scrolls of remove curse
 t - 5 scrolls of fear
 y - 2 scrolls of amnesia
 B - 2 scrolls of fog
 G - a scroll of blinking
 K - a scroll of silence
Potions
 g - 3 potions of brilliance {unknown}
 n - a potion of invisibility {unknown}
 r - 2 potions of haste {unknown}
 v - 3 potions of degeneration
 z - a potion of lignification
 D - a potion of ambrosia {unknown}
Comestibles
 f - 28 rations
 L - 5 chunks of flesh


   Skills:
 + Level 10.2(15.2) Fighting
 + Level 8.1(16.6) Axes
 - Level 13.2(19.0) Maces & Flails
 + Level 10.5(15.5) Armour
 + Level 12.6(17.6) Shields
 * Level 8.8 Invocations


You had 11 spell levels left.
You didn't know any spells.
Your spell library contained the following spells:

 Spells                   Type           Power        Failure   Level  Hunger
 Beastly Appendage        Tmut           #.....       54%         1    ##.....
 Corona                   Hex            #......      54%         1    ##.....
 Summon Small Mammal      Summ           #...         54%         1    ##.....
 Call Imp                 Summ           #.......     69%         2    ###....
 Ensorcelled Hibernation  Hex/Ice        #.....       69%         2    ###....
 Sticks to Snakes         Tmut           #.......     69%         2    ###....
 Call Canine Familiar     Summ           #.......     89%         3    ####...
 Confusing Touch          Hex            #.......     89%         3    ####...
 Dazzling Flash           Conj/Hex       #.....       89%         3    ####...
 Spider Form              Tmut/Pois      #.........   89%         3    ####...
 Summon Guardian Golem    Hex/Summ       #.......     89%         3    ####...
 Tukima's Dance           Hex            #.......     89%         3    ####...
 Ice Form                 Ice/Tmut       #.......     100%        4    #####..
 Summon Ice Beast         Ice/Summ       #.......     100%        4    #####..
 Summon Lightning Spire   Summ/Air       #.......     100%        4    #####..
 Blade Hands              Tmut           #.........   100%        5    ######.
 Bolt of Magma            Conj/Fire/Erth #.........   100%        5    ######.
 Iskenderun's Battlesphe  Conj/Chrm      #.......     100%        5    ######.
 Iron Shot                Conj/Erth      #.........   100%        6    #######
 Orb of Destruction       Conj           #.........   100%        7    #######
 Spellforged Servitor     Conj/Summ      #.........   100%        7    #######


Dungeon Overview and Level Annotations

Branches:
Dungeon (13/15)            Temple (1/1) D:7            Lair (0/6) D:9
    Orc (0/2) D:12         Depths (0/5) D:15
 Vaults: D:13-14

Altars:
Ashenzari
Cheibriados
Dithmenos
Elyvilon
Fedhas
Gozag
Hepliaklqana
Kikubaaqudgha
Makhleb
Nemelex Xobeh
Okawaru
Qazlal
Ru
Sif Muna
Trog
Uskayaw
Vehumet
Wu Jian
Xom
Yredelemnul
Zin
The Shining One

Shops:
D:6 =   D:11 *   D:12 =   D:15 [

Annotations:
D:12 1 exclusion
D:15 Azrael


Innate Abilities, Weirdness & Mutations

((You reflexively headbutt those who attack you in melee.))
((You have a pair of horns on your head.))


Message History

Unknown command.
Unknown command.
It was a potion of degeneration.
There was something very wrong with that liquid.
You feel weakened.
You feel dopey.
You feel clumsy. Azrael hits you but does no damage.
You block the hell hound's attack. The cyclops hits you.
* * * LOW HITPOINT WARNING * * *
Unknown command.
It was a potion of lignification.
You turn into a tree.
Your scarf of repulsion melds into your body.
Your cursed +0 pair of gloves melds into your body.
Your +0 pair of boots melds into your body.
Your +4 plate armour melds into your body.
The haze of the repulsion field disappears.
Your roots penetrate the ground.
You block the hell hound's attack.
The hell hound bites you but does no damage.
Azrael gestures at you. The bolt of fire hits you!
You die...

.......8##..#
......<#... ...8.∩.8.
Yh☼....# ☼○.8..# °E..#
#ht.# ##RE# ...
##♣h##.... #.hC......
##.........
##############..........
........................
##############.##...<...
#####...... ####.. ##


You could see Azrael, a cyclops, 2 fire elementals, 3 hell hounds and a
crocodile.

Vanquished Creatures
  Harold (D:8)
  A hydra (D:11)
  An ogre mage (D:15)
  A centaur warrior (D:15)
  4 two-headed ogres
  A catoblepas (D:15)
  2 unseen horrors
  2 skeletal warriors (D:15)
  A phantasmal warrior (D:15)
  3 deep elf magi
  5 ugly things
  A necromancer (D:15)
  A stone giant zombie (D:15)
  3 gargoyles
  An efreet (D:15)
  2 kobold demonologists
  A komodo dragon (D:9)
  A yaktaur zombie (D:15)
  4 trolls
  A hornet (D:9)
  A harpy skeleton (D:15)
  3 slime creatures (D:15)
  Grinder (D:3)
  A hippogriff (shapeshifter) (D:15)
  An ice dragon skeleton (D:15)
  2 wyverns
  5 yaks (D:10)
  A hungry ghost (D:12)
  A soldier ant (D:12)
  An acid dragon (D:11)
  2 water moccasins
  3 ice beasts
  6 sky beasts
  3 black bears
  9 orc warriors
  6 ogres
  2 necrophages
  7 centaurs
  A crocodile (D:10)
  6 big kobolds
  7 bullfrogs
  A gnoll sergeant (D:8)
  7 scorpions
  5 wights (D:9)
  3 killer bees (D:10)
  A tengu skeleton (D:15)
  2 howler monkeys
  4 crimson imps
  2 quasits
  3 bullfrog zombies
  16 orc priests
  5 hounds
  3 centaur skeletons
  2 bullfrog skeletons
  An iguana (D:4)
  14 orc wizards
  9 worker ants
  A killer bee zombie (D:10)
  3 hound skeletons
  A howler monkey zombie (D:10)
  11 gnolls
  7 adders
  A shadow imp (D:15)
  An ooze (D:1)
  2 worms
  3 dart slugs
  2 leopard geckos
  93 orcs
  A ball python (D:1)
  3 giant cockroaches
  7 goblins
  3 hobgoblins
  6 jackals
  5 quokkas
  8 bats
  4 frilled lizards
  31 kobolds
  A leopard gecko zombie (D:7)
  A quokka zombie (D:9)
  7 rats
  3 plants (D:9)
389 creatures vanquished.

Vanquished Creatures (others)
  2 plants (D:9)
  4 toadstools (D:8)
6 creatures vanquished.

Grand Total: 395 creatures vanquished

Notes
Turn   | Place    | Note
-------+----------+-------------------------------------------
     0 | D:1      | protoss039 the Minotaur Fighter began the quest for the
                  | Orb.
     0 | D:1      | Reached XP level 1. HP: 19/19 MP: 0/0
   122 | D:1      | Reached XP level 2. HP: 27/27 MP: 1/1
   605 | D:2      | Reached XP level 3. HP: 33/33 MP: 2/2
   905 | D:2      | Reached XP level 4. HP: 36/40 MP: 3/3
  1599 | D:3      | Reached skill level 5 in Shields
  1599 | D:3      | Reached XP level 5. HP: 46/47 MP: 4/4
  1693 | D:3      | Noticed Grinder
  1698 | D:3      | Paralysed by Grinder for 6 turns
  1712 | D:3      | Killed Grinder
  1712 | D:3      | Reached skill level 2 in Maces & Flails
  1712 | D:3      | Reached XP level 6. HP: 11/53 MP: 5/5
  1902 | D:3      | Found a shattered altar of Ashenzari.
  2045 | D:3      | Found a hazy altar of Hepliaklqana.
  2079 | D:3      | Reached skill level 5 in Armour
  2180 | D:3      | Found a basalt altar of Yredelemnul.
  2497 | D:4      | Noticed a sky beast
  2503 | D:4      | Killed a sky beast
  2503 | D:4      | Reached skill level 3 in Maces & Flails
  2927 | D:4      | Reached XP level 7. HP: 43/60 MP: 6/6
  3421 | D:5      | Entered Level 5 of the Dungeon
  3709 | D:5      | Reached skill level 5 in Fighting
  3709 | D:5      | Reached skill level 4 in Maces & Flails
  4216 | D:6      | Reached skill level 5 in Maces & Flails
  4274 | D:6      | Found Tiweoch's Jewellery Boutique.
  4316 | D:6      | Reached XP level 8. HP: 67/68 MP: 7/7
  4433 | D:6      | Reached skill level 6 in Maces & Flails
  4775 | D:6      | Reached skill level 7 in Maces & Flails
  5128 | D:7      | Found a staircase to the Ecumenical Temple.
  5214 | Temple   | Entered the Ecumenical Temple
  5256 | Temple   | Became a worshipper of Warmaster Okawaru
  5352 | D:7      | Reached skill level 8 in Maces & Flails
  5442 | D:7      | Reached skill level 1 in Invocations
  5442 | D:7      | Reached XP level 9. HP: 67/75 MP: 8/8
  5688 | D:7      | Found a blossoming altar of Fedhas.
  5688 | D:7      | Found an ancient bone altar of Kikubaaqudgha.
  5693 | D:7      | Found a white marble altar of Elyvilon.
  5695 | D:7      | Found a sparkling altar of Nemelex Xobeh.
  5697 | D:7      | Found a hide-covered altar of Uskayaw.
  6104 | D:8      | Found a shimmering altar of Xom.
  6151 | D:8      | Noticed Harold
  6167 | D:8      | Killed Harold
  6167 | D:8      | Reached * piety under Okawaru
  6167 | D:8      | Reached ** piety under Okawaru
  6167 | D:8      | Reached skill level 9 in Maces & Flails
  6408 | D:8      | Reached skill level 5 in Axes
  7007 | D:9      | Reached *** piety under Okawaru
  7034 | D:9      | Reached XP level 10. HP: 83/84 MP: 11/11
  7258 | D:9      | Reached skill level 10 in Maces & Flails
  7411 | D:9      | Reached **** piety under Okawaru
  7638 | D:9      | Found a staircase to the Lair.
  7717 | D:10     | Entered Level 10 of the Dungeon
  7829 | D:10     | Noticed a two-headed ogre
  7830 | D:10     | Reached ***** piety under Okawaru
  7835 | D:10     | Reached skill level 5 in Invocations
  7852 | D:10     | Reached skill level 10 in Shields
  7873 | D:10     | Killed a two-headed ogre
  7873 | D:10     | Reached skill level 11 in Maces & Flails
  7873 | D:10     | Noticed a white ugly thing
  7904 | D:10     | Killed a white ugly thing
  7904 | D:10     | Reached XP level 11. HP: 33/94 MP: 12/14
  8141 | D:10     | Killed an unseen horror
  8785 | D:11     | Found Tetwot's General Store.
  9299 | D:11     | Noticed a seven-headed hydra
  9309 | D:11     | Killed a seven-headed hydra
  9309 | D:11     | Received a gift from Okawaru
  9312 | D:11     | Got a transparent scale mail {god gift}
  9323 | D:11     | Identified the +9 scale mail of the Other Side {rPois rF-
                  | MP+9 Int+2} (Okawaru gifted it to you on level 11 of the
                  | Dungeon)
  9942 | D:12     | Found a staircase to the Orcish Mines.
 10606 | D:12     | Noticed a two-headed ogre
 10608 | D:12     | Noticed a soul eater
 10623 | D:12     | Killed a two-headed ogre
 10623 | D:12     | Reached skill level 12 in Maces & Flails
 10826 | D:12     | Found Xeret's Jewellery Boutique.
 10838 | D:12     | Noticed a deep elf mage
 10850 | D:12     | Killed a deep elf mage
 11170 | D:13     | Noticed an orc knight
 11348 | D:13     | Killed an unseen horror
 11370 | D:13     | You fall into a shaft and drop 2 floors!
 11370 | D:15     | Entered Level 15 of the Dungeon
 11370 | D:15     | Noticed a catoblepas
 11388 | D:15     | Killed a catoblepas
 11388 | D:15     | Reached XP level 12. HP: 62/104 MP: 16/16
 11499 | D:15     | Reached skill level 10 in Armour
 11514 | D:15     | HP: 4/104 [phantasmal warrior (22)]
 11532 | D:15     | Found a staircase to the Depths.
 11736 | D:15     | Noticed a centaur warrior
 11758 | D:15     | Noticed an ogre mage
 11772 | D:15     | Received a gift from Okawaru
 11773 | D:15     | Got a faintly glowing robe {god gift}
 11786 | D:15     | Killed an ogre mage
 11786 | D:15     | Reached ****** piety under Okawaru
 11806 | D:15     | Identified the +1 robe "Daahipp" {-Cast rPois rC++ Str+4}
                  | (Okawaru gifted it to you on level 15 of the Dungeon)
 11900 | D:15     | Noticed a two-headed ogre
 11915 | D:15     | Killed a two-headed ogre
 11923 | D:15     | Reached skill level 13 in Maces & Flails
 11968 | D:15     | Noticed a two-headed ogre
 11980 | D:15     | Killed a centaur warrior
 11980 | D:15     | Reached skill level 10 in Fighting
 11986 | D:15     | Killed a two-headed ogre
 12164 | D:15     | Found Nueth's Antique Armour Shoppe.
 12164 | D:15     | Noticed Azrael
 12179 | D:15     | Killed from afar by Azrael

Illustrated notes

Levels and vault maps discovered:
D:1:      scummos_arrival_star, layout_basic
D:2:      layout_rooms, serial_rivers, chequers_serial_rivers_micro_b,
          chequers_serial_rivers_micro_a, chequers_serial_rivers_micro_e,
          chequers_serial_rivers_small_3, first_ration
D:3:      layout_basic, nicolae_overflow_hidden_temple,
          ashenzari_conservatory_becter, yredelemnul_altar_generic, uniq_grinder
D:4:      layout_basic
D:5:      layout_basic
D:6:      layout_loops_ring, serial_shops, nicolae_shop_statue_plus
D:7:      layout_basic, chequers_temple_overflow_minitemple,
          minmay_temple_entry_junction
D:8:      layout_loops_ring, special_room [special_room_orc],
          blue_anna_alchemist [blue_anna_fruit_fields, blue_anna_fruit_fields],
          minmay_gold_behind_fungi, lemuel_altar_in_water, uniq_harold
D:9:      layout_irregular_city, david_lair_shrubbed, grunt_ministairs_10
D:10:     layout_long_grid, minmay_diced_spiral
D:11:     layout_layer_cave, serial_shops, shop, grunt_ministairs_7
D:12:     layout_layer_cave, hiddenorc2_lemuel, serial_shops,
          nicolae_shop_statue_plus
D:13:     layout_basic, skrybe_vaults_entry_preservation
D:15:     gammafunk_depths_entry_grave, layout_cave_pods, nicolae_two_hexagons,
          serial_shops, shop, nicolae_shop_statue_plus, uniq_azrael
Temple:   eino_wide_crystal_templ

Skill      XL: |  1  2  3  4  5  6  7  8  9 10 11 12 |
---------------+-------------------------------------+-----
Fighting       | 4 5 6 7 8 9 10 | 10.2
Shields        | 4 5 6 8 9 10 11 12 | 12.6
Armour         | 4 5 6 7 8 9 10 | 10.5
Axes           | 3 4 5 6 7 8 |  8.1
Maces & Flails | 2 3 5 8 9 11 12 13 | 13.2
Invocations    | 1 3 5 7 8 |  8.8

Action                   |  1- 3 |  4- 6 |  7- 9 | 10-12 || total
-------------------------+-------+-------+-------+-------++-------
Melee: War axe           |   100 |    15 |    14 |       ||   129
       Headbutt          |     9 |    17 |    89 |   235 ||   350
       Mace              |       |    82 |   310 |   544 ||   936
       Hand axe          |       |       |     8 |   124 ||   132
       Flail             |       |       |       |   107 ||   107
Invok: Heroism           |       |       |       |     5 ||     5
       Finesse           |       |       |       |     1 ||     1
  Use: Potion            |       |     1 |     1 |    11 ||    13
       Scroll            |       |       |    11 |     4 ||    15
  Eat: Chunk             |       |     5 |    11 |    19 ||    35
       Ration            |       |       |     1 |       ||     1
Armor: Scale mail        |    56 |    47 |    40 |       ||   143
       Plate armour      |       |       |   215 |   358 ||   573
       Skin              |       |       |       |     1 ||     1
Dodge: Dodged            |    43 |    25 |   100 |   148 ||   316
       Repelled          |       |       |    10 |    11 ||    21
Block: Kite shield       |    67 |    60 |   192 |   454 ||   773
